 Dungeon Crawl Stone Soup version 0.31-a0-1074-g0b22e4e0f1 (webtiles) character file.

Game seed: 3871382031025096769

15290 tbh1313 the Cleaver (level 11, -11/99 HPs)
             Began as a Minotaur Berserker on Dec 1, 2023.
             Was a High Priest of Trog.
             Mangled by a red devil
             ... wielding a +0 trident
             ... summoned by a kobold demonologist
              (13 damage)
             ... on level 12 of the Dungeon.
             The game lasted 00:25:53 (10068 turns).

tbh1313 the Cleaver (Minotaur Berserker)           Turns: 10068, Time: 00:25:53

Health: -11/99     AC: 11    Str: 23    XL:     11   Next: 99%
Magic:  10/10      EV: 19    Int:  8    God:    Trog [*****.]
Gold:   528        SH:  0    Dex: 22    Spells: 10/10 levels left

rFire   . . .        a - +4 hand axe
rCold   . . .        (no shield)
rNeg    . . .        r - +0 leather armour of the Jumping Gods {-Cast Dex+7}
rPois   .            (helmet restricted)
rElec   .            G - +0 cloak
rCorr   .            m - +0 pair of gloves
SInv    .            (no boots)
Will    .....        (no amulet)
Stlth   ++           g - +6 ring of dexterity
HPRegen 0.36/turn    l - +4 ring of protection
MPRegen 0.12/turn

%: no spellcasting
@: spiked, on berserk cooldown, hasted and slowed
A: horns 2, retaliatory headbutt
a: Renounce Religion, Berserk, Trog's Hand, Brothers in Arms


You were on level 12 of the Dungeon.
You worshipped Trog.
Trog was extremely pleased with you.
You visited 1 branch of the dungeon, and saw 12 of its levels.
You also visited: Ossuary.

You collected 544 gold pieces.
You spent 16 gold pieces at shops.

Inventory:

Hand Weapons
 a - a +4 hand axe (weapon)
 b - a +2 shortbow of draining
 H - a +0 battleaxe
Missiles
 n - 3 throwing nets
Armour
 m - a +0 pair of gloves (worn)
 r - the +0 leather armour of the Jumping Gods (worn) {-Cast Dex+7}
   (You took it off an orc on level 3 of the Dungeon)

   Dex+7:     It affects your dexterity (+7).
   -Cast:     It prevents spellcasting.
 y - a +0 buckler
 G - a +0 cloak (worn)
Jewellery
 g - a +6 ring of dexterity (left hand)
 i - a ring of resist corrosion
 l - a +4 ring of protection (right hand)
 p - a ring of fire
 z - a +6 ring of dexterity
 J - a ring of willpower
Wands
 w - a wand of charming (8)
 x - a wand of roots (11)
 B - a wand of mindburst (5)
 D - a wand of digging (5)
Scrolls
 q - 5 scrolls of teleportation
 t - 3 scrolls of enchant weapon
 A - 2 scrolls of fog
 I - 2 scrolls of noise
 L - a scroll of vulnerability
 N - a scroll of poison
Potions
 c - 2 potions of mutation
 d - 5 potions of might
 e - 11 potions of curing
 f - 2 potions of resistance
 h - 5 potions of attraction
 j - 6 potions of haste
 k - 2 potions of heal wounds
 o - 3 potions of berserk rage
 s - 5 potions of enlightenment
 u - 4 potions of invisibility
 E - a potion of magic
 F - a potion of cancellation
 K - 8 potions of ambrosia


   Skills:
 - Level 10.0 Fighting
 - Level 14.8 Axes
 + Level 6.5 Ranged Weapons
 - Level 10.0 Armour
 - Level 10.0 Dodging


You had 10 spell levels left.
You didn't know any spells.
Your spell library contained the following spells:

 Spells                   Type           Power      Damage    Failure   Level
 Summon Small Mammal      Summ           0%         N/A       43%         1
 Ensorcelled Hibernation  Hex/Ice        0%         N/A       58%         2
 Passwall                 Tmut/Erth      0%         N/A       58%         2
 Call Canine Familiar     Summ           0%         N/A       82%         3
 Ignite Poison            Fire/Tmut/Pois 0%         N/A       82%         3
 Summon Guardian Golem    Hex/Summ       0%         N/A       82%         3
 Swiftness                Air            0%         N/A       82%         3
 Tukima's Dance           Hex            0%         N/A       82%         3
 Passage of Golubria      Tloc           0%         N/A       99%         4
 Sticky Flame             Conj/Fire      0%         2d3       99%         4
 Yara's Violent Unravell  Hex/Tmut       0%         3d3       100%        5
 Ignition                 Fire           0%         3d3       100%        8


Dungeon Overview and Level Annotations

Branches:
Dungeon (12/15)            Temple (0/1) D:7            Lair (0/5) D:11
    Orc (0/2) D:11        Ossuary (visited)

Altars:
Ashenzari
Dithmenos
Hepliaklqana
Okawaru
Qazlal
Ru
Trog
Uskayaw

Shops:
D:8 *   D:9 :[   D:12 *

Portals:
Trove: D:10 (give +3 gold dragon scales)

Annotations:
D:12 Lodul


Innate Abilities, Weirdness & Mutations

You have a pair of horns on your head.
You reflexively headbutt those who attack you in melee.


Message History

The shadow imp hits your slime creature.
The kobold demonologist gestures wildly while chanting.
Send 'em back where they came from!
Trog shields your ally from puny magic! x6
The boulder beetle bites you but does no damage.
The ogre closely misses you.
Your vampire mosquito bites the boulder beetle but does no damage.
Your vampire mosquito bites the boulder beetle.
Your vampire mosquito draws strength from the boulder beetle's injuries!
The white imp hits your vampire mosquito.
The white imp freezes your vampire mosquito.
The ynoxinul hits your basilisk but does no damage.
Your basilisk bites Lodul.
Your slime creature hits the hellwing.
The red devil hits you from afar with a +0 trident.
* * * LOW HITPOINT WARNING * * *
Barbed spikes become lodged in your body.
The sun demon misses you.
Lodul zaps a wand.
You easily resist.
Okay, then.
You feel much better.
You feel sick.
You are no longer poisoned.
Your vampire mosquito barely misses the boulder beetle.
Your vampire mosquito bites the boulder beetle but does no damage.
The boulder beetle misses you.
The kobold demonologist miscasts a cantrip.
The white imp hits your vampire mosquito.
The white imp freezes your vampire mosquito.
The ufetubus hits your basilisk but does no damage.
The ufetubus hits your basilisk.
Your vampire mosquito bites the boulder beetle!
Your vampire mosquito draws strength from the boulder beetle's injuries!
Your vampire mosquito bites the boulder beetle but does no damage.
The sun demon hits you!
* * * LOW HITPOINT WARNING * * *
You are engulfed in flames!
* * * LOW HITPOINT WARNING * * *
Your slime creature hits the hellwing!
Your basilisk misses the ufetubus.
The ynoxinul closely misses your basilisk.
Your slime creature barely misses the white imp.
The red devil hits you from afar with a +0 trident!
You die...

......≈...§ ...≈ ♣
#.##........ ###≈ ..
#.##....∩...# ♣.
##.#..........
~♣..##5.#...#...≈..#
~~P...4.)§#......
♣~.....JK#54....#
~♣....J.3OOK....#
~.....J5B@l35....
..P.....yy.5.....
P♣...............
#...............
#...............
..........=....(.
.###.....#.......
...#........##


You could see a boulder beetle (ally target), Lodul, a sun demon (summoned), a
hellwing (summoned), 2 kobold demonologists, a ynoxinul (summoned), a red devil
(summoned), an ogre, a white imp (summoned), a shadow imp (summoned, ally
target), 3 ufetubi, 3 friendly slime creatures, a friendly basilisk (summoned)
and 2 friendly vampire mosquitoes.

Levels and vault maps discovered:
D:1:      dpeg_arrival_another_circle, layout_basic, minmay_distorted
D:2:      cheibrodos_old_hovel, layout_basic,
          shapermc_ecumenical_altar_acropolis, nicolae_eternal_life
D:3:      layout_basic, lemuel_tele_altar, biasface_ghost_orc_armoury
D:4:      layout_loops_ring, nicolae_dithmenos_shadow_blocks, enter_ossuary_2,
          serial_rivers, chequers_serial_rivers_marsh,
          chequers_serial_rivers_micro_b, chequers_serial_rivers_micro_e,
          chequers_serial_rivers_micro_d, chequers_serial_rivers_room_b,
          nicolae_grassy_gnolls
D:5:      layout_loops_ring, uniq_sigmund
D:6:      layout_gridville, nicolae_hepliaklqana_hazy_memory,
          mainiacjoe_overflow_large_starburst, hellmonk_ghost_happy_afterlife,
          minmay_unpleasant_kobolds
D:7:      layout_rooms, nicolae_overflow_hidden_temple,
          minmay_temple_entry_statues_pillars, serial_shops, shop, minivault_14
D:8:      layout_gridville, nicolae_shop_clearance
D:9:      layout_loops_cross, nicolae_overflow_crystal_walls, serial_shops,
          nicolae_shop_tiny_statue_garden, nicolae_custom_books
D:10:     layout_roguey [special_room_bee], mainiacjoe_overflow_surrounded_room,
          nicolae_trove_entry_crossroad, dk_noncrumbling_2
D:11:     layout_roguey, david_lair_shrubbed,
          kennysheep_orc_monster_closet_entryway,
          nicolae_ru_sacrificial_ziggurat, uniq_nergalle
D:12:     nicolae_whirlpool, layout_rooms, serial_bayou, serial_bayou_lagoon_a,
          serial_bayou_ford_a, serial_bayou_pond_a, serial_bayou_pond_b,
          nicolae_elemental_shop, uniq_lodul, uniq_frances

Notes
Turn   | Place    | Note
-------+----------+-------------------------------------------
     0 | D:1      | tbh1313 the Minotaur Berserker began the quest for the Orb.
     0 | D:1      | Reached XP level 1. HP: 19/19 MP: 0/0
    63 | D:1      | Reached skill level 4 in Axes
   187 | D:1      | Reached XP level 2. HP: 26/26 MP: 1/1
   856 | D:2      | Reached XP level 3. HP: 18/31 MP: 2/2
   920 | D:2      | Reached skill level 5 in Axes
  1121 | D:2      | Found a faded altar of an unknown god.
  1266 | D:2      | Reached ** piety under Trog
  1635 | D:3      | Reached XP level 4. HP: 36/39 MP: 3/3
  1839 | D:3      | Reached skill level 6 in Axes
  1955 | D:3      | Reached XP level 5. HP: 45/45 MP: 4/4
  2019 | D:3      | Found a runed translucent gate.
  2022 | D:3      | Found a runed translucent gate.
  2023 | D:3      | Found a runed translucent gate.
  2024 | D:3      | Noticed pigah's ghost (amateur OpSh)
  2025 | D:3      | Identified the +10 whip of Gampyf {freeze, Dex+3}
  2025 | D:3      | Identified the +0 leather armour of the Jumping Gods {-Cast
                  | Dex+7}
  2092 | D:3      | Killed pigah's ghost
  2093 | D:3      | Reached skill level 7 in Axes
  2093 | D:3      | Reached XP level 6. HP: 51/51 MP: 5/5
  2386 | D:3      | Found a bloodstained altar of Trog.
  2483 | D:4      | Reached *** piety under Trog
  2486 | D:4      | Found a sand-covered staircase.
  2495 | Ossuary  | Entered an ossuary
  2566 | Ossuary  | Reached skill level 8 in Axes
  2646 | Ossuary  | Reached skill level 5 in Dodging
  2646 | Ossuary  | Reached XP level 7. HP: 55/57 MP: 6/6
  2818 | D:4      | Found a shadowy altar of Dithmenos.
  2841 | D:4      | Identified the amulet "Okhiucs" {Harm rElec Regen+}
  3124 | D:4      | Reached skill level 9 in Axes
  3393 | D:5      | Entered Level 5 of the Dungeon
  3401 | D:5      | Noticed Sigmund
  3410 | D:5      | Killed Sigmund
  3456 | D:5      | Reached XP level 8. HP: 43/64 MP: 7/7
  3771 | D:5      | Reached skill level 10 in Axes
  4015 | D:5      | Reached **** piety under Trog
  4342 | D:6      | Found a hide-covered altar of Uskayaw.
  4342 | D:6      | Found a stormy altar of Qazlal.
  4510 | D:6      | Found a runed translucent door.
  4510 | D:6      | Noticed gr3g's ghost (amateur MiBe)
  4577 | D:6      | Found a hazy altar of Hepliaklqana.
  4593 | D:6      | Reached skill level 11 in Axes
  4680 | D:6      | Killed gr3g's ghost
  4681 | D:6      | Reached skill level 12 in Axes
  5063 | D:7      | Reached XP level 9. HP: 70/70 MP: 8/8
  5063 | D:7      | Noticed a troll
  5071 | D:7      | Reached skill level 13 in Axes
  5076 | D:7      | Killed a troll
  5202 | D:7      | Found a staircase to the Ecumenical Temple.
  5349 | D:8      | Found Ojaexyt's CLEARANCE SALE!.
  5352 | D:8      | Bought a scroll of identify for 16 gold pieces
  5379 | D:8      | Noticed a boulder beetle
  5644 | D:8      | Killed a boulder beetle
  5645 | D:8      | Reached skill level 14 in Axes
  5987 | D:7      | Reached skill level 5 in Fighting
  6601 | D:9      | Reached XP level 10. HP: 65/83 MP: 9/9
  6790 | D:9      | Noticed a two-headed ogre
  6800 | D:9      | Killed a two-headed ogre
  7038 | D:9      | Found an iron altar of Okawaru.
  7059 | D:9      | Found Wodiz's Antique Armour Shoppe.
  7192 | D:9      | Reached skill level 10 in Fighting
  7471 | D:9      | Found Nagecots's Self-Published Books.
  7578 | D:10     | Entered Level 10 of the Dungeon
  7782 | D:10     | Reached ***** piety under Trog
  7783 | D:10     | Reached skill level 10 in Dodging
  7783 | D:10     | Reached XP level 11. HP: 78/99 MP: 10/10
  8089 | D:10     | Found a portal to a secret trove of treasure.
  8355 | D:10     | Found a broken altar of Ashenzari.
  8505 | D:11     | Noticed Nergalle
  8514 | D:11     | Reached skill level 5 in Armour
  8527 | D:11     | Killed Nergalle
  8755 | D:11     | Found a staircase to the Lair.
  8966 | D:11     | Found a staircase to the Orcish Mines.
  8978 | D:11     | Reached skill level 1 in Ranged Weapons
  9128 | D:11     | Found a sacrificial altar of Ru.
  9151 | D:11     | Noticed a boulder beetle
  9171 | D:11     | Killed a boulder beetle
  9660 | D:12     | Noticed a green ugly thing
  9671 | D:12     | Killed a green ugly thing
  9687 | D:12     | Reached skill level 10 in Armour
  9728 | D:12     | Found Biluasor's Elemental Accessories.
  9731 | D:12     | Noticed a boulder beetle
 10039 | D:12     | Noticed Lodul
 10045 | D:12     | Reached skill level 5 in Ranged Weapons
 10064 | D:12     | HP: 7/99 [white imp/puff of frost[a kobold demonologist]
                  | (3)]
 10065 | D:12     | Noticed a sun demon
 10068 | D:12     | HP: 2/99 [sun demon[a kobold demonologist] (17)]
 10068 | D:12     | Mangled by a red devil

Table legend: (Time is in decaauts)
 A = Elapsed time spent in this place.
 B = Non-inter-level travel time spent in this place.
 C = Inter-level travel time spent in this place.
 D = Time resting spent in this place.
 E = Time spent auto-exploring this place.
 F = Levels seen in this place.
 G = Mean time per level.
                   A        B        C        D        E       F      G
               +--------+--------+--------+--------+--------+-----+--------+
         Total |  10091 |   9709 |    382 |   1982 |   6221 |  13 |  776.2 |
       Dungeon |   9859 |   9477 |    382 |   1965 |   6123 |  12 |  821.6 |
       Ossuary |    231 |    231 |      0 |     17 |     98 |   1 |  231.0 |
               +--------+--------+--------+--------+--------+-----+--------+

Top non-repeatable levels by time:
    D:11: 1506 daAuts
     D:9: 1028 daAuts
     D:2: 989 daAuts
     D:6: 973 daAuts
     D:3: 935 daAuts
    D:10: 878 daAuts
     D:4: 758 daAuts
     D:7: 753 daAuts
     D:5: 729 daAuts
     D:8: 720 daAuts
     D:1: 533 daAuts
 Ossuary: 231 daAuts
    D:12: 53 daAuts

Table legend:
 A = Kills in this place as a percentage of kills in the entire game.
 B = Kills by you in this place as a percentage of kills by you in the entire game.
 C = Kills by friends in this place as a percentage of kills by friends in the entire game.
 D = Other kills in this place as a percentage of other kills in the entire game.
 E = Experience gained in this place as a percentage of experience gained in the entire game.
 F = Experience gained in this place divided by the number of levels of this place that you have seen.
                   A       B       C       D       E      F
               +-------+-------+-------+-------+-------+----------------------
         Total | 100.0 | 100.0 |   N/A |   N/A | 100.0 | 1680.3
       Dungeon |  96.0 |  96.0 |   N/A |   N/A |  99.4 | 1809.8
       Ossuary |   4.0 |   4.0 |   N/A |   N/A |   0.6 | 126.0
               +-------+-------+-------+-------+-------+----------------------

Action                     |  1- 3 |  4- 6 |  7- 9 | 10-12 || total
---------------------------+-------+-------+-------+-------++-------
  Melee: Hand axe          |    69 |    98 |   235 |   264 ||   666
         Headbutt          |     7 |    20 |    57 |    64 ||   148
         Punch             |       |     1 |     4 |     5 ||    10
   Fire: Shortbow          |       |       |     7 |    82 ||    89
 Invoke: Berserk           |     1 |     4 |     9 |     9 ||    23
         Trog's Hand       |       |     1 |       |     1 ||     2
  Evoke: Wand              |       |       |     4 |       ||     4
    Use: Scroll            |     7 |     3 |     8 |     7 ||    25
         Potion            |       |       |       |     3 ||     3
   Stab: Sleeping          |       |     2 |     1 |       ||     3
         Distracted        |       |     2 |       |       ||     2
 Armour: Animal skin       |    12 |       |       |       ||    12
         Chain mail        |    35 |    28 |       |       ||    63
         Leather armour    |       |    15 |   130 |   170 ||   315
  Dodge: Dodged            |    34 |    40 |   168 |   236 ||   478

Vanquished Creatures
  2 boulder beetles
  A two-headed ogre (D:9)
  Nergalle (D:11)
  2 slime creatures (D:12)
  An ugly thing (D:12)
  2 manticores (D:11)
  A cyclops (D:11)
  A gargoyle (D:12)
  5 kobold demonologists
  2 unseen horrors
  A komodo dragon (D:11)
  5 trolls
  The ghost of gr3g the Trooper, an amateur MiBe of Trog (D:6)
  A queen bee (D:10)
  A hornet (D:9)
  The ghost of pigah the Insei, an amateur OpSh of Gozag (D:3)
  Sigmund (D:5)
  A shadow (D:9)
  2 wraiths (D:11)
  A wyvern (D:10)
  A water moccasin (D:8)
  2 orc warriors
  A black bear (D:4)
  9 ogres
  2 centaurs
  11 kobold brigands
  A phantom (D:4)
  A bullfrog (D:7)
  3 scorpions
  2 gnoll sergeants
  6 wights
  38 killer bees
  6 howler monkeys (D:11)
  A human zombie (Ossuary)
  4 hounds
  2 jellies (D:5)
  2 gnoll boudas
  6 orc priests
  2 iguanas
  6 orc wizards
  4 mummies (Ossuary)
  24 gnolls
  7 adders
  2 shadow imps
  A white imp (D:5)
  2 ufetubi (D:5)
  A worm (D:3)
  2 dart slugs
  31 orcs
  7 endoplasms
  5 giant cockroaches
  3 gnoll zombies (Ossuary)
  7 goblins
  6 hobgoblins
  3 jackals
  32 kobolds
  4 quokkas
  2 ball pythons
  3 bats (D:2)
  4 frilled lizards
  A goblin zombie (Ossuary)
  2 hobgoblin zombies (Ossuary)
  A kobold zombie (Ossuary)
  5 rats
298 creatures vanquished.
